 Dungeon Crawl Stone Soup version 0.30-a0-358-g0d69a1922f (webtiles) character file.

Game seed: 9380518048682641449

113 LutherGrant the Trooper (level 4, -2/24 HPs)
             Began as a Vine Stalker Fighter on Nov 8, 2022.
             Was an Initiate of Ashenzari.
             Slain by Terence
             ... wielding a +0 trident
              (3 damage)
             ... on level 3 of the Dungeon.
             The game lasted 00:04:09 (1663 turns).

LutherGrant the Trooper (Vine Stalker Fighter)      Turns: 1663, Time: 00:04:10

Health: -2/24      AC: 11    Str: 18    XL:     4   Next: 96%
Magic:  0/5        EV:  8    Int:  8    God:    Ashenzari [......]
Gold:   116        SH:  0    Dex: 16    Spells: 3/3 levels left

rFire   . . .      SeeInvis .    r - +0 falchion
rCold   + . .      Faith    .    (no shield)
rNeg    . . .      Spirit   +    n - +1 chain mail {rC+}
rPois   .          Reflect  .    (no helmet)
rElec   .          Harm     .    (no cloak)
rCorr   +          Rampage  .    f - +0 pair of gloves
Will    .....                    (no boots)
Stlth   ..........               (no amulet)
HPRegen 1.04/turn                j - ring of resist corrosion
MPRegen 0.09/turn                (no ring)

@: no status effects
A: fangs 2, regeneration 1, magic shield, antimagic bite, no potion heal 2
a: Renounce Religion, Curse Item


You were on level 3 of the Dungeon.
You worshipped Ashenzari.
Ashenzari was noncommittal.
You visited 1 branch of the dungeon, and saw 3 of its levels.

You collected 116 gold pieces.

Inventory:

Hand Weapons
 a - a +0 long sword
 e - a +2 vampiric whip
 r - a +0 falchion (weapon)
Armour
 b - a +0 scale mail
 c - a +0 buckler
 f - a +0 pair of gloves (worn)
 k - a +0 chain mail
 n - a +1 chain mail of cold resistance (worn)
Jewellery
 j - a ring of resist corrosion (left hand)
 p - a ring of protection from fire
Wands
 d - a wand of flame (15)
Scrolls
 l - 3 scrolls of identify {unknown}
 m - a scroll of butterflies {unknown}
 q - a scroll of poison {unknown}
Potions
 g - a potion of lignification {unknown}
 h - 3 potions of haste {unknown}
 i - 2 potions of ambrosia {unknown}
 o - a potion of curing {unknown}
 s - a potion of degeneration {unknown}


   Skills:
 + Level 3.1 Fighting
 * Level 2.5 Long Blades
 - Level 1.0 Maces & Flails
 + Level 2.9 Armour
 * Level 1.8 Dodging
 - Level 2.6 Shields


You had 3 spell levels left.
You didn't know any spells.
Your spell library contained the following spells:

 Spells                   Type           Power      Damage    Failure   Level
 Slow                     Hex            0%         N/A       99%         1
 Confusing Touch          Hex            0%         N/A       100%        3
 Vampiric Draining        Necr           0%         2d6       100%        3
 Vhi's Electric Charge    Tloc/Air       0%         N/A       100%        3
 Arcjolt                  Conj/Air       0%         1d10      100%        5
 Maxwell's Capacitive Co  Air            0%         ∞         100%        8


Dungeon Overview and Level Annotations

Branches:
Dungeon (3/15)

Altars:
Ashenzari
Nemelex Xobeh

Shops:
D:3 (

Annotations:
D:3 Terence


Innate Abilities, Weirdness & Mutations

You have extremely sharp teeth.
Your natural rate of healing is unusually fast.
When hurt, damage is shared between your health and your magic reserves.
Your bite disrupts and absorbs the magic of your enemies.
Potions cannot restore your health.


Message History

You hit Terence but do no damage. Your bite misses Terence.
Terence is lightly wounded.
Terence hits you with a +0 trident.
You barely miss Terence. Your bite misses Terence.
Terence is lightly wounded.
Terence hits you but does no damage. Terence closely misses you.
You slash Terence!
Terence is heavily wounded.
Terence hits you with a +0 trident.
You barely miss Terence. Your bite misses Terence.
Terence is heavily wounded.
Terence hits you with a +0 trident.
You hit Terence.
Terence is heavily wounded.
Terence hits you with a +0 trident.
You hit Terence but do no damage. You bite Terence, but do no damage.
Terence is heavily wounded.
Terence closely misses you.
You hit Terence. You bite Terence, but do no damage.
Terence is severely wounded.
Terence barely misses you. Terence hits you with a +0 trident.
You hit Terence but do no damage. Your bite misses Terence.
Terence is severely wounded.
Terence hits you with a +0 trident.
You hit Terence but do no damage.
Terence is severely wounded.
Terence hits you with a +0 trident!
* * * LOW HITPOINT WARNING * * *
You hit Terence.
Terence is severely wounded.
Terence barely misses you.
You closely miss Terence. You bite Terence, but do no damage.
Terence is severely wounded.
Terence hits you but does no damage.
You closely miss Terence.
Terence is severely wounded.
Terence hits you with a +0 trident!
* * * LOW HITPOINT WARNING * * *
Terence hits you with a +0 trident.
You die...

.........
##.......##
#.<...[...#
###.........# #
#...........##.#
#....(.........
#.#.........#
#..........###
#.∩.#......@@##
#...#.####........#
#.#.....>..≈.8.≈..#
#......)...≈..$≈...
##<........≈≈.≈≈.##
#....[....≈≈.≈≈.#
............≈≈.≈≈.#
###.........≈≈_≈≈.#
#.........≈≈≈≈


You could see Terence.

Vanquished Creatures
  Jessica (D:2)
  Ijyb (D:3)
  Robin (D:2)
  An adder (D:2)
  A worm (D:2)
  2 endoplasms (D:1)
  2 giant cockroaches (D:1)
  10 goblins
  6 hobgoblins
  2 jackals (D:2)
  2 ball pythons
  A bat (D:1)
  A kobold (D:1)
  8 rats
39 creatures vanquished.

Notes
Turn   | Place    | Note
-------+----------+-------------------------------------------
     0 | D:1      | LutherGrant the Vine Stalker Fighter began the quest for
                  | the Orb.
     0 | D:1      | Reached XP level 1. HP: 11/11 MP: 2/2
   157 | D:1      | Reached XP level 2. HP: 11/16 MP: 3/3
   592 | D:1      | Reached skill level 1 in Maces & Flails
   796 | D:2      | Reached skill level 1 in Dodging
   796 | D:2      | Reached XP level 3. HP: 19/19 MP: 4/4
  1025 | D:2      | Found a broken altar of Ashenzari.
  1034 | D:2      | Became a worshipper of Ashenzari the Shackled
  1194 | D:2      | Noticed Robin
  1204 | D:2      | Killed Robin
  1213 | D:2      | Reached skill level 3 in Fighting
  1339 | D:2      | Noticed Jessica
  1346 | D:2      | Gained mutation: Your natural rate of healing is unusually
                  | fast. [Vine Stalker growth]
  1346 | D:2      | Reached XP level 4. HP: 24/24 MP: 5/5
  1353 | D:2      | Killed Jessica
  1588 | D:3      | Found Berutzub's Antique Weapon Boutique.
  1588 | D:3      | Noticed Ijyb
  1591 | D:3      | Found a sparkling altar of Nemelex Xobeh.
  1594 | D:3      | Paralysed by Ijyb for 5 turns
  1624 | D:3      | Killed Ijyb
  1641 | D:3      | Noticed Terence
  1663 | D:3      | HP: 1/24 [Terence/+0 trident (7)]
  1663 | D:3      | Slain by Terence

Illustrated notes

Levels and vault maps discovered:
D:1:      dpeg_arrival_ratfight, layout_basic, st_stairs_14
D:2:      layout_basic, basic_altar, uniq_robin, uniq_jessica
D:3:      layout_rooms, mainiacjoe_overflow_boulevard,
          mainiacjoe_overflow_catwalk, serial_shops, nicolae_shop_trees,
          nicolae_shop_behind_doors, shop, nicolae_shop_stone,
          grunt_ministairs_7, uniq_ijyb, uniq_terence

Skill      XL: |  1  2  3 |
---------------+----------+-----
Maces & Flails | 1 |  1.0
Dodging        | 1 |  1.8
Long Blades    | 2 |  2.5
Fighting       | 3 |  3.1
Armour         | |  2.9
Shields        | |  2.6

Action                   |  1- 3 |  4- 6 || total
-------------------------+-------+-------++-------
Melee: Long sword        |    33 |       ||    33
       Whip              |    46 |       ||    46
       Bite              |    20 |    13 ||    33
       Falchion          |     4 |    59 ||    63
       Punch             |     1 |       ||     1
  Use: Potion            |     1 |       ||     1
Armor: Scale mail        |    11 |       ||    11
       Chain mail        |    36 |    26 ||    62
Dodge: Dodged            |    37 |    16 ||    53

Table legend: (Time is in decaauts)
 A = Elapsed time spent in this place.
 B = Non-inter-level travel time spent in this place.
 C = Inter-level travel time spent in this place.
 D = Time resting spent in this place.
 E = Time spent auto-exploring this place.
 F = Levels seen in this place.
 G = Mean time per level.
                   A        B        C        D        E       F      G
               +--------+--------+--------+--------+--------+-----+--------+
         Total |   1685 |   1634 |     51 |      0 |   1275 |   3 |  561.7 |
       Dungeon |   1685 |   1634 |     51 |      0 |   1275 |   3 |  561.7 |
               +--------+--------+--------+--------+--------+-----+--------+

Top non-repeatable levels by time:
     D:2: 843 daAuts
     D:1: 758 daAuts
     D:3: 84 daAuts
